[Event "*** Titled Tuesday Blitz"]
[Site "Chess.com"]
[Date "2020.05.26"]
[Round "8"]
[White "silverback96"]
[Black "nurmiTV"]
[Result "0-1"]
[WhiteElo "2315"]
[BlackElo "2501"]
[TimeControl "180+1"]
[EndTime "11:40:40 PDT"]
[Termination "nurmiTV won on time"]

1. e4 c5 2. Nf3 e6 3. d4 cxd4 4. Nxd4 a6 5. Nc3 Qc7 6. Bd3 Bc5 7. Nb3 Be7 8. f4 b5 9. a3 Bb7 10. Qe2 d6 11. Bd2 Nd7 12. g4 Bh4+ 13. Kd1 Ne7 14.
g5 h6 15. Qh5 Bf2 16. Rf1 Bb6 17. f5 exf5 18. exf5 Ne5 19. a4 b4 20. a5 Ba7 21. f6 g6 22. Qe2 bxc3 23. fxe7 cxd2 24. Nxd2 hxg5 25. Ne4 Qxe7 26. Nf6+ Kf8 27. Bxa6 Bxa6 28. Qxa6 Kg7 29. Ra3 Bc5 30. Qe2 Bxa3 31. bxa3 Rxa5 32. Qe4 Rh4 0-1

[Event "*** Titled Tuesday Blitz"]
[Site "Chess.com"]
[Date "2020.05.26"]
[Round "8"]
[White "quesfr"]
[Black "talaicito"]
[Result "0-1"]
[WhiteElo "2265"]
[BlackElo "2160"]
[TimeControl "180+1"]
[EndTime "11:40:40 PDT"]
[Termination "talaicito won by resignation"]

1. e4 e5 2. Nf3 Nc6 3. Bb5 a6 4. Ba4 Nf6 5. O-O b5 6. Bb3 Be7 7. d3 d6 8. Bd2 O-O 9. h3 h6 10. a4 b4 11. a5 Rb8 12. c3 Be6 13. Bxe6 fxe6 14. Qb3 d5 15. cxb4 Bxb4 16. Bxb4 Rxb4 17. Qc3 Qd6 18. Rc1 dxe4 19. dxe4 Nd4 20. Nxd4 exd4 21.
Qxc7 Qxc7 22. Rxc7 Nxe4 23. Rd7 Rxf2 24. Ra2 e5 25.
Na3 Rbxb2 26. Rxb2 Rxb2 27. Nc4 Rb1+ 28. Kh2 Rb5 29.
h4 Rc5 30. Nb6 Rxa5 31. h5 Nf6 32. Re7 Nxh5 33. Nc4 Rc5 34. Nxe5 Nf6 35. Nf3 Rd5 36.
Ra7 a5 37. Nh4 d3 38. Ng6 Kh7 39. Ne7 Rd7 40. Rxd7 Nxd7 41. Nd5 d2 42. Nc3 a4 43. Kg3 a3 44. Kf2 a2 0-1

[Event "*** Titled Tuesday Blitz"]
[Site "Chess.com"]
[Date "2020.05.26"]
[Round "8"]
[White "Azeryahu"]
[Black "Rozum_Ivan"]
[Result "0-1"]
[WhiteElo "2756"]
[BlackElo "2644"]
[TimeControl "180+1"]
[EndTime "11:40:41 PDT"]
[Termination "Rozum_Ivan won by resignation"]

1. Nf3 Nf6 2. g3 b5 3. e3 a6 4.
Bg2 Bb7 5. O-O g6 6. a4 c5 7. Qe2 Qb6 8. Na3 Bg7 9. b3 O-O 10. Bb2 b4 11. Nc4 Qc7 12. d3 d5 13. Be5 Qd8 14.
Ncd2 Nc6 15. Bb2 Qc7 16. e4 e5 17. Rae1 Rfe8 18. Qd1 Rac8 19. Qa1 Nd4 20. Qb1 dxe4 21. dxe4 a5 22. c4 bxc3 23. Bxc3 Ba6 24. Nc4 Bxc4 25. bxc4 Nd7 26. Qa2 Qc6 27. Rb1 Ra8 28. Bxd4 cxd4 29. Rb5 Nc5 30. Nd2 Nd3 31. Qb3 Nb4 32. Bh3 d3 33.
Nb1 Rad8 34. Rd1 Qxe4 35. Nc3 Qd4 36. Rxa5 Nc6 37. Rd5 Rxd5 38. Nxd5 e4 39. Qb5 e3 40. fxe3 Rxe3 41. Nxe3 Qxe3+ 42. Kg2 Qe2+ 0-1

[Event "*** Titled Tuesday Blitz"]
[Site "Chess.com"]
[Date "2020.05.26"]
[Round "8"]
[White "Nor1lsk"]
[Black "MYMChessAcademy"]
[Result "1-0"]
[WhiteElo "2600"]
[BlackElo "2451"]
[TimeControl "180+1"]
[EndTime "11:40:43 PDT"]
[Termination "Nor1lsk won on time"]

1. e4 c5 2. d3 d6 3. g3 Nc6 4. Bg2 g6 5. f4 Bg7 6. Nf3 e6 7. O-O Nge7 8. c3 O-O 9. Be3 b6 10. Na3 Bb7 11. Nc2 d5 12. e5 Nf5 13. Bf2 h5 14. h3 f6 15. exf6 Qxf6 16. d4 cxd4 17. Ncxd4 Ncxd4 18. Nxd4 Nd6 19. Qb3 h4 20. Rae1 Rae8 21.
g4 Ne4 22. Be3 Kh8 23. Nf3 Ba6 24. Ne5 Bxf1 25. Rxf1 g5 26. Bxe4 dxe4 27. Nd7 Qf7 28. Nxf8 Rxf8 29. f5 exf5 30. Rxf5 Qxb3 31. Rxf8+ Bxf8 32. axb3 Be7 33. Kf2 Kg7 34. Bd4+ Kf7 35. Ke3 Ke6 36.
Kxe4 Bd8 37. c4 Be7 38. Bc3 Bd6 39. Bd2 Be7 40. b4 Bf6 41. b3 Be7 42. b5 Bf6 43.
Be3 Be7 44. b4 Bf6 45. c5 Be7 46. cxb6 axb6 47. Bxb6 Bxb4 48. Be3 Be7 49. b6 Kd6 50. Kf5 Kc6 51. Bxg5 Bd6 52. Bxh4 Kxb6 53. Bf6 Kc6 54.
h4 Kd7 55. h5 Ke8 56. h6 Be7 57. h7 Bxf6 58. Kxf6 Kd7 59. h8=Q 1-0

[Event "*** Titled Tuesday Blitz"]
[Site "Chess.com"]
[Date "2020.05.26"]
[Round "8"]
[White "mattcolins2025"]
[Black "Sweafty"]
[Result "1-0"]
[WhiteElo "2302"]
[BlackElo "2475"]
[TimeControl "180+1"]
[EndTime "11:40:43 PDT"]
[Termination "mattcolins2025 won by resignation"]

1. d4 Nf6 2. c4 e6 3. Nc3 Bb4 4.
Qc2 d5 5. a3 Bxc3+ 6. Qxc3 Ne4 7. Qc2 Nc6 8. Nf3 O-O 9. Bf4 f6 10. e3 g5 11. Bg3 Qe7 12. Bd3 f5 13. h4 Nxg3 14. fxg3 g4 15. Nd2 Qd6 16. Kf2 Ne7 17.
c5 Qd8 18. b4 h5 19. Nb3 Ng6 20. Nc1 c6 21. Ne2 e5 22. dxe5 Nxe5 23. Nf4 Qe8 24. Rhe1 Qf7 25. Rad1 Bd7 26. Bf1 Rae8 27. Rd4 Ng6 28. Nxh5 Nxh4 29. Nf4 Ng6 30. Bd3 Nxf4 31. Rxf4 Qh7 32. Qb1 Qg7 33. Rh1 Qe5 34. Qc1 Rf7 35. Qd2 Rh7 36. Rxh7 Kxh7 37. Rxg4 Rg8 38. Rxg8 Kxg8 39.
Qe2 Be8 40. Qf3 Bg6 41. Be2 Qb2 42. Qf4 Qxa3 43. Qb8+ Kg7 44. Qxb7+ Kh6 45. Qxc6 Qa2 46. Qd6 Kg7 47. Qe7+ Kh6 48. Qf8+ Kg5 49. Qe7+ Kh6 50. c6 f4 51. gxf4 Bd3 52. Qe6+ Kg7 53. Qg4+ Kf6 54. c7 Qc4 55. c8=Q Bxe2 56. Qxc4 Bxc4 57. Qd7 1-0

[Event "*** Titled Tuesday Blitz"]
[Site "Chess.com"]
[Date "2020.05.26"]
[Round "8"]
[White "Klavdia_Nik"]
[Black "pedro_nascimento85"]
[Result "0-1"]
[WhiteElo "2043"]
[BlackElo "1880"]
[TimeControl "180+1"]
[EndTime "11:40:44 PDT"]
[Termination "pedro_nascimento85 won on time"]

1. Nf3 d5 2. c4 e6 3. b3 c5 4. Bb2 d4 5. b4 b6 6. e3 dxe3 7.
fxe3 Nf6 8. bxc5 bxc5 9. Be2 Be7 10. O-O O-O 11. Nc3 Nc6 12. d4 cxd4 13. exd4 Qc7 14.
Qa4 Bb7 15. Rac1 Rfd8 16. Rfd1 a6 17. Nb1 Na7 18. Nbd2 Qf4 19. Nf1 Rac8 20. Qb3 Ba8 21. Qe3 Qxe3+ 22. Nxe3 Nc6 23. c5 Nb4 24. a3 Nbd5 25.
Nc4 Bc6 26. Nfe5 Bb5 27. Kf2 Ne4+ 28. Kf3 Ng5+ 29. Kf2 Ne4+ 30. Kg1 Nef6 31. Bd3 Ne8 32. Rd2 Nf4 33. Bf1 f6 34. Nb6 fxe5 35. Nxc8 Rxc8 36.
dxe5 Nd5 37. Bd4 Nec7 0-1

[Event "*** Titled Tuesday Blitz"]
[Site "Chess.com"]
[Date "2020.05.26"]
[Round "8"]
[White "MasterKroket"]
[Black "Leo_C"]
[Result "1-0"]
[WhiteElo "2412"]
[BlackElo "2271"]
[TimeControl "180+1"]
[EndTime "11:40:45 PDT"]
[Termination "MasterKroket won by resignation"]

1. d4 Nf6 2. c4 e6 3. Nf3 c5 4. d5 exd5 5. cxd5 d6 6. Nc3 g6 7. e4 Bg7 8. h3 O-O 9. Bd3 a6 10. a4 Re8 11. O-O Nbd7 12. Re1 Nh5 13. Bg5 Qa5 14.
Nd2 Qb4 15. Qc2 Ne5 16. Bf1 Bd7 17. f4 h6 18. Bh4 Nxf4 19. Bf2 c4 20. Reb1 Nfd3 21.
Be3 Nc5 22. a5 Ned3 23. Na2 Qb5 24. Nxc4 Nb4 25. Nxb4 Qxb4 26. Nxd6 Nxe4 27. Nxe8 Rxe8 28. Re1 Qxb2 29. Qxb2 Bxb2 30. Rab1 Bc3 31. Rec1 Nd2 32. Bxd2 Bxd2 33. Rc7 Bf5 34. Rd1 Bxa5 35. Rxb7 Be4 36.
Bxa6 Rd8 37. Bc4 Bc3 38. Kh1 Be5 39. Re7 f6 40. d6+ Kf8 41. Rf7+ Ke8 42. d7+ 1-0

[Event "*** Titled Tuesday Blitz"]
[Site "Chess.com"]
[Date "2020.05.26"]
[Round "8"]
[White "Denis_Palkovich"]
[Black "KingChess345"]
[Result "1-0"]
[WhiteElo "2307"]
[BlackElo "2177"]
[TimeControl "180+1"]
[EndTime "11:40:45 PDT"]
[Termination "Denis_Palkovich won on time"]

1. d4 Nf6 2. Bf4 e6 3. e3 d5 4. Nd2 Bd6 5. Bd3 O-O 6. Ngf3 c5 7. c3 Nc6 8. Ne5 Qc7 9. Ndf3 b6 10. Nxc6 Qxc6 11.
Ne5 Qc7 12. Qf3 Bb7 13. Qh3 Rac8 14. g4 g6 15. Qg3 Nd7 16. Nxg6 Bxf4 17. Nxf4 cxd4 18.
exd4 e5 19. dxe5 Qxe5+ 20. Ne2 d4 21. O-O Qd5 22. f3 dxc3 23. Nf4 Qd4+ 24. Kg2 cxb2 25. Rad1 Qe5 26. Rfe1 Qg5 27. h4 Qg7 28. Nh5 Qh8 29. Bxh7+ Kxh7 30. Rxd7 Rc2+ 31. Kh3 b1=Q 32. Rxb1 Rc3 33.
Rf1 Kg8 34. Rxb7 1-0

[Event "*** Titled Tuesday Blitz"]
[Site "Chess.com"]
[Date "2020.05.26"]
[Round "8"]
[White "stanyga"]
[Black "Roaccutane"]
[Result "1-0"]
[WhiteElo "2628"]
[BlackElo "2711"]
[TimeControl "180+1"]
[EndTime "11:40:47 PDT"]
[Termination "stanyga won on time"]

1. e4 d6 2. d4 Nf6 3. Nc3 g6 4. f4 Bg7 5. Nf3 O-O 6. Bd3 Na6 7. Bxa6 bxa6 8. O-O Rb8 9. d5 c6 10. Kh1 cxd5 11.
exd5 Qc7 12. Rb1 Bg4 13. Be3 a5 14. h3 Bd7 15. Nd4 a6 16. Qf3 a4 17. a3 Qc4 18.
Rfe1 Rfe8 19. Bf2 Rbc8 20. Rbd1 Bf5 21. Nxf5 gxf5 22. Rd4 Qc7 23. Rxa4 Ne4 24. Nxe4 fxe4 25. Raxe4 Qxc2 26. Rxe7 Rxe7 27. Rxe7 Qxb2 28. Kh2 Qf6 29. Ra7 h5 30. Qxh5 Qxf4+ 31. Bg3 Qf6 32. Rxa6 Rd8 33. Bh4 Qf4+ 34. Bg3 Qf6 35. Qh4 1-0

[Event "*** Titled Tuesday Blitz"]
[Site "Chess.com"]
[Date "2020.05.26"]
[Round "8"]
[White "verdest"]
[Black "ElGasanov"]
[Result "0-1"]
[WhiteElo "2527"]
[BlackElo "2741"]
[TimeControl "180+1"]
[EndTime "11:40:47 PDT"]
[Termination "ElGasanov won by checkmate"]

1. d4 d6 2. c4 e5 3. d5 Nf6 4. Nc3 Bf5 5. g3 Nbd7 6. Bg2 Nc5 7. Nf3 Be7 8. O-O a5 9. Nh4 Bg4 10. h3 Bh5 11. Nf5 O-O 12. Qc2 Re8 13. Nxe7+ Qxe7 14. e4 Nfd7 15. Be3 Rf8 16. Rae1 Bg6 17. f4 exf4 18.
gxf4 f6 19. Bd4 Rae8 20. Qe2 Qf7 21. Qf3 Re7 22. Qg3 Rfe8 23. e5 dxe5 24. fxe5 Rxe5 25. Rxe5 Rxe5 26. Bxe5 Nxe5 27. Qe3 Qe7 28. b3 b6 29. Re1 Qd6 30. Ne4 Bxe4 31. Bxe4 Nxe4 32. Qxe4 a4 33. Qf5 Qc5+ 34. Kh1 h6 35. Rg1 Qe3 36. Qxf6 Qxh3# 0-1

[Event "*** Titled Tuesday Blitz"]
[Site "Chess.com"]
[Date "2020.05.26"]
[Round "8"]
[White "Norival"]
[Black "Shota_Azaladze"]
[Result "0-1"]
[WhiteElo "2655"]
[BlackElo "2837"]
[TimeControl "180+1"]
[EndTime "11:40:48 PDT"]
[Termination "Shota_Azaladze won on time"]

1. d4 g6 2. Nf3 Bg7 3. e3 f5 4. c4 Nf6 5. Nc3 O-O 6. b4 e6 7. Bb2 Qe7 8. Qb3 d6 9. Be2 Kh8 10. O-O b6 11. a4 a5 12. b5 Bb7 13.
Rac1 Nbd7 14. Rfd1 Ne4 15. Ba3 g5 16. Ne1 g4 17.
Nd3 Qh4 18. g3 Qh6 19. Nxe4 fxe4 20. Nf4 e5 21. dxe5 Nxe5 22. Bb2 Rf7 23. Rd2 Rg8 24.
c5 Rxf4 25. exf4 Nf3+ 26. Bxf3 gxf3 27. Bxg7+ Rxg7 28. Qd1 bxc5 29. b6 e3 30. bxc7 exd2 31. Rb1 Rxc7 32. Qxd2 Qh3 33. Qc3+ Kg8 34. Qc4+ Kf8 0-1

[Event "*** Titled Tuesday Blitz"]
[Site "Chess.com"]
[Date "2020.05.26"]
[Round "8"]
[White "GMaka"]
[Black "Goryachkina"]
[Result "1/2-1/2"]
[WhiteElo "2399"]
[BlackElo "2564"]
[TimeControl "180+1"]
[EndTime "11:40:48 PDT"]
[Termination "Game drawn by repetition"]

1. d4 d5 2. Bf4 Nf6 3. e3 Bg4 4. f3 Bd7 5. c3 c6 6. g4 h6 7. Bd3 e6 8. Nd2 c5 9. h4 Qb6 10. Qb1 Bd6 11. Ne2 Bxf4 12. Nxf4 Bb5 13. Bxb5+ Qxb5 14. a4 Qc6 15. Nd3 Nbd7 16. b4 c4 17. Ne5 Qc7 18. Nxd7 Nxd7 19. Kf2 h5 20. Qg1 hxg4 21. Qxg4 O-O-O 22. Rag1 g6 23. Qg3 Qxg3+ 24. Rxg3 Rh5 25. Rg5 Rdh8 26. Rxh5 Rxh5 27. a5 a6 28. Nf1 Nf6 29. Ng3 Rh8 30. e4 Kd7 31. e5 Nh5 32. Nxh5 Rxh5 33. Kg3 Kc6 34. Kg4 Kb5 35. Ra1 Rf5 36.
f4 Rh5 37. Ra2 Rf5 38. Kg3 Rh5 39. Kh3 Rf5 40. Kg4 Rh5 41. Ra1 Rf5 42. Ra2 Rh5 43.
Ra1 Rf5 44. Ra2 1/2-1/2

[Event "*** Titled Tuesday Blitz"]
[Site "Chess.com"]
[Date "2020.05.26"]
[Round "8"]
[White "VladimirBugayev"]
[Black "LostaBet95"]
[Result "0-1"]
[WhiteElo "2179"]
[BlackElo "2511"]
[TimeControl "180+1"]
[EndTime "11:40:48 PDT"]
[Termination "LostaBet95 won on time"]

1. e4 c5 2. c3 e6 3. d4 cxd4 4.
cxd4 d5 5. e5 Nc6 6. Bb5 Ne7 7.
Nc3 Bd7 8. Nge2 a6 9. Bxc6 Nxc6 10. O-O b5 11. Ng3 g6 12. Nce2 h5 13. f4 Qb6 14. Be3 h4 15. Nh1 Be7 16. Nf2 Rc8 17. Nd3 Nb4 18. Nc5 a5 19. a3 Na6 20. Nxd7 Kxd7 21. Qd2 Rc4 22. b3 Rc6 23. Rfc1 Rhc8 24.
Rxc6 Qxc6 25. Qxa5 b4 26. axb4 Nxb4 27. Qa4 Qxa4 28.
Rxa4 Rc2 29. Kf1 Rb2 30. Nc1 Nc2 31. Bd2 Nxd4 32. Ra7+ Kc8 33. Rxe7 Rxd2 34. Rxf7 Rd1+ 35. Kf2 Rxc1 0-1

[Event "*** Titled Tuesday Blitz"]
[Site "Chess.com"]
[Date "2020.05.26"]
[Round "8"]
[White "mbachez"]
[Black "bakki78"]
[Result "0-1"]
[WhiteElo "2529"]
[BlackElo "2751"]
[TimeControl "180+1"]
[EndTime "11:40:49 PDT"]
[Termination "bakki78 won on time"]

1. e4 c5 2. Nf3 Nc6 3. Bb5 Nf6 4. Qe2 Qc7 5. O-O g6 6. c3 Bg7 7. d4 O-O 8. e5 Nd5 9. c4 Ndb4 10. a3 Na6 11. Nc3 Nxd4 12. Nxd4 cxd4 13. Nd5 Qxe5 14. Qf3 e6 15. Bf4 Qh5 16. g4 Qh4 17. Bg3 Qd8 18. Bxa6 exd5 19. Qxd5 Qb6 20. Bb5 a6 21. Bd6 axb5 22.
Bxf8 Bxf8 23. cxb5 d6 24. Rfd1 Bg7 25. a4 Be6 26.
Qf3 Be5 27. Rac1 Rxa4 28. h4 Qxb5 29. g5 Qd5 30. Qe2 Bh3 31. f3 h6 0-1

[Event "*** Titled Tuesday Blitz"]
[Site "Chess.com"]
[Date "2020.05.26"]
[Round "8"]
[White "grunbergmihai"]
[Black "Shankovskyi"]
[Result "1-0"]
[WhiteElo "2393"]
[BlackElo "2516"]
[TimeControl "180+1"]
[EndTime "11:40:49 PDT"]
[Termination "grunbergmihai won by resignation"]

1. Nf3 d5 2. c4 e6 3. g3 g6 4.
Bg2 Bg7 5. O-O Ne7 6. d4 O-O 7. Qc2 Nbc6 8. Rd1 Bd7 9. e3 Nb4 10. Qb3 c5 11. dxc5 Na6 12. cxd5 Nxc5 13. Qa3 Qb6 14. Nc3 Bxc3 15. Qxc3 Nxd5 16. Qa3 Bb5 17. Nd4 Ba6 18. Bd2 Nd3 19. Rab1 e5 20. Ba5 Qf6 21. Rxd3 Bxd3 22. Qxd3 exd4 23. Bxd5 dxe3 24. fxe3 Rfe8 25. e4 Rac8 26. Rf1 Qxb2 27. Bxf7+ Kh8 28. Bxe8 Qe5 29. Bd7 Rc5 30. Bb4 Rc7 31. Ba4 b5 32. Bb3 a6 33.
Bd6 Rd7 34. Bxe5+ 1-0

[Event "*** Titled Tuesday Blitz"]
[Site "Chess.com"]
[Date "2020.05.26"]
[Round "8"]
[White "IAgrest"]
[Black "Piotrek1979"]
[Result "0-1"]
[WhiteElo "2264"]
[BlackElo "2408"]
[TimeControl "180+1"]
[EndTime "11:40:49 PDT"]
[Termination "Piotrek1979 won on time"]

1. e4 c5 2. Nf3 e6 3. d4 cxd4 4. Nxd4 a6 5. Bd3 Nf6 6. O-O d6 7. a4 b6 8. Na3 Nbd7 9. Nc4 Bb7 10. Re1 Qc7 11. b3 Be7 12. Bb2 O-O 13. f4 b5 14. Nd2 Nc5 15. Kh1 Nxd3 16. cxd3 Qb6 17. a5 Qd8 18. N2f3 Rc8 19. Qd2 Nd7 20. Qf2 Bf6 21. e5 dxe5 22. fxe5 Be7 23. Bc1 Nc5 24. Qe3 Qd5 25. Rb1 Rfd8 26. Bd2 Nd7 27. Re2 Nf8 28.
Qf4 Ng6 29. Qg3 Rc7 30. h3 Rdc8 31. Rf1 Bc5 32. Nc2 Ba7 33. d4 Rxc2 0-1

[Event "*** Titled Tuesday Blitz"]
[Site "Chess.com"]
[Date "2020.05.26"]
[Round "8"]
[White "MMKZH22"]
[Black "HrvojeZagreb"]
[Result "1-0"]
[WhiteElo "2292"]
[BlackElo "2160"]
[TimeControl "180+1"]
[EndTime "11:40:49 PDT"]
[Termination "MMKZH22 won on time"]

1. Nf3 f5 2. d4 Nf6 3. c4 e6 4. g3 Be7 5. Bg2 O-O 6. O-O d6 7. Nc3 Ne4 8. Qc2 Nxc3 9. Qxc3 Bf6 10. b3 Nc6 11. Bb2 e5 12. e3 Qe8 13. Qc2 Qh5 14. dxe5 dxe5 15. Nd2 f4 16. exf4 exf4 17. Bxf6 Rxf6 18. Bd5+ Kh8 19. Bf3 Bg4 20. Bxg4 Qxg4 21. Rfe1 f3 22. Qd3 Nd4 23. Re4 Ne2+ 24. Kh1 Qh3 25.
Nxf3 Nxg3+ 26. fxg3 Raf8 27. Rf1 h6 28. Rf4 1-0

[Event "*** Titled Tuesday Blitz"]
[Site "Chess.com"]
[Date "2020.05.26"]
[Round "8"]
[White "zurzan"]
[Black "AlanZhang"]
[Result "0-1"]
[WhiteElo "1943"]
[BlackElo "2240"]
[TimeControl "180+1"]
[EndTime "11:40:50 PDT"]
[Termination "AlanZhang won by resignation"]

1. f4 d6 2. Nf3 b6 3. g3 Bb7 4. Bg2 Nf6 5. O-O e6 6. d3 Nbd7 7. e4 Qe7 8. a4 h5 9. h4 d5 10. e5 Ng4 11. a5 c5 12. axb6 Nxb6 13. Nc3 Qd7 14. Qe1 Be7 15. Nh2 d4 16. Ne4 Nxh2 17.
Kxh2 Nd5 18. Qa5 Qc6 19. Rf2 O-O 20. Bd2 Kh8 21. Rg1 Qb6 22. Qa3 c4 23. Qa2 cxd3 24. cxd3 Ne3 25. Ba5 Ng4+ 26. Kh1 Nxf2+ 27. Kh2 Ng4+ 28.
Kh1 Qb5 29. Rd1 Bxe4 30. Rd2 Bxg2+ 31. Kxg2 Rac8 32. b4 Qb7+ 33. Kg1 Rc1+ 0-1

[Event "*** Titled Tuesday Blitz"]
[Site "Chess.com"]
[Date "2020.05.26"]
[Round "8"]
[White "ErikRonka"]
[Black "tteshan"]
[Result "1-0"]
[WhiteElo "2377"]
[BlackElo "2195"]
[TimeControl "180+1"]
[EndTime "11:40:51 PDT"]
[Termination "ErikRonka won on time"]

1. d4 d5 2. e4 dxe4 3. Nc3 Nf6 4.
f3 exf3 5. Nxf3 Bg4 6. h3 Bh5 7. g4 Bg6 8. Ne5 e6 9. Bg2 c6 10. h4 h5 11. Nxg6 fxg6 12. g5 Nd5 13. Qd3 Ne7 14.
Bf4 Nd7 15. O-O-O Qa5 16. Rhe1 Qf5 17. Qe3 O-O-O 18. Bh3 Qa5 19. Qxe6 Nf5 20. Qxg6 Nxh4 21. Qe4 g6 22. d5 Qc5 23. dxc6 bxc6 24. Be3 Qe5 25.
Qxh4 Qe7 26. Qa4 Bg7 27. Qa6+ Kb8 28. Bxa7+ Kc7 29. Rxe7 1-0

[Event "*** Titled Tuesday Blitz"]
[Site "Chess.com"]
[Date "2020.05.26"]
[Round "8"]
[White "DishonorOnYourCow"]
[Black "manuellarrea"]
[Result "1-0"]
[WhiteElo "2305"]
[BlackElo "2165"]
[TimeControl "180+1"]
[EndTime "11:40:51 PDT"]
[Termination "DishonorOnYourCow won on time"]

1. d4 Nf6 2. c4 e6 3. Nf3 d5 4.
Nc3 c5 5. cxd5 Nxd5 6. e4 Nxc3 7.
bxc3 cxd4 8. cxd4 Bb4+ 9. Bd2 Bxd2+ 10. Qxd2 O-O 11. Be2 Nd7 12. O-O b6 13. a4 Bb7 14.
Bd3 Re8 15. a5 bxa5 16. Rxa5 Nf6 17. Re1 a6 18. Rg5 h6 19. Rg3 Kf8 20. Bc2 a5 21.
Ne5 a4 22. Ra3 Re7 23. f3 Qe8 24. Rea1 Nd7 25. Bxa4 Rxa4 26. Rxa4 Nxe5 27. dxe5 Rc7 28. Qd4 Kg8 29. Ra7 Qc6 30. h3 Kh7 31. Kh2 Rc8 32.
Rb1 Rc7 33. Qb6 Bc8 34. Rxc7 1-0

[Event "*** Titled Tuesday Blitz"]
[Site "Chess.com"]
[Date "2020.05.26"]
[Round "8"]
[White "GoltsevDmitry2000"]
[Black "kingnb"]
[Result "0-1"]
[WhiteElo "2664"]
[BlackElo "2498"]
[TimeControl "180+1"]
[EndTime "11:40:53 PDT"]
[Termination "kingnb won by checkmate"]

1. e4 d5 2. exd5 Nf6 3. d4 Bg4 4. Be2 Bxe2 5. Nxe2 Qxd5 6. O-O Nc6 7. Nbc3 Qh5 8. h3 O-O-O 9. Be3 e6 10. a3 g5 11.
Ng3 Qxd1 12. Raxd1 h6 13. f4 g4 14. h4 Bd6 15. Nce2 Nd5 16. Bc1 f5 17. c4 Nf6 18.
b4 Rhe8 19. Be3 Bf8 20. Nc3 a6 21. Kf2 Ne7 22. Nge2 Ng6 23. g3 Nh8 24. Nc1 Nf7 25. Nd3 Nd6 26. Nc5 Nxc4 27. Bc1 b6 28. Nxa6 Kb7 29. b5 Nxa3 30. Rfe1 Nd5 31. Nxd5 Rxd5 32. Bxa3 Bxa3 33. Rd3 Bd6 34. Rc1 Rxb5 35. Ra1 Ra8 36.
Re3 Rb2+ 37. Kf1 Rxa6 38. Rxa6 Kxa6 39. Rxe6 b5 40. Rxh6 b4 41. Rf6 b3 42. Rxf5 Rd2 43. Ke1 Rh2 44. Kd1 b2 45. h5 b1=Q# 0-1

[Event "*** Titled Tuesday Blitz"]
[Site "Chess.com"]
[Date "2020.05.26"]
[Round "8"]
[White "Boudicca64"]
[Black "KerryStead"]
[Result "1-0"]
[WhiteElo "1991"]
[BlackElo "2098"]
[TimeControl "180+1"]
[EndTime "11:40:53 PDT"]
[Termination "Boudicca64 won on time"]

1. e4 e5 2. d4 exd4 3. Qxd4 Nc6 4. Qe3 Nf6 5. Nc3 Bb4 6. Bd2 d6 7. O-O-O Qe7 8. f3 Bd7 9. Nge2 O-O-O 10. Nf4 Kb8 11.
Nfd5 Nxd5 12. Nxd5 Bxd2+ 13. Rxd2 Qh4 14. Bb5 Rhe8 15.
Qa3 Re5 16. Rhd1 Ne7 17. Bxd7 Rxd7 18. Qa5 b6 19. Qc3 c5 20. Nxe7 Qxe7 21. Qc4 f6 22.
Qb5 Kb7 23. a4 a6 24. Qb3 Kc6 25. a5 b5 26. Rd5 Rxd5 27. Qxd5+ Kc7 28. Qa8 d5 29. Qxa6 dxe4 30. Qb6+ Kc8 31. Qc6+ Rc7 32. Qxb5 exf3 33. gxf3 c4 34. a6 1-0

[Event "*** Titled Tuesday Blitz"]
[Site "Chess.com"]
[Date "2020.05.26"]
[Round "8"]
[White "TargetA"]
[Black "rpragchess"]
[Result "1/2-1/2"]
[WhiteElo "2575"]
[BlackElo "2817"]
[TimeControl "180+1"]
[EndTime "11:40:54 PDT"]
[Termination "Game drawn by repetition"]

1. e4 e5 2. Nf3 d6 3. d4 exd4 4. Nxd4 Nf6 5. Nc3 Be7 6. Bf4 O-O 7. Qd2 c6 8. O-O-O b5 9. f3 b4 10. Na4 Qa5 11. b3 Rd8 12. g4 c5 13. Nf5 Bxf5 14. gxf5 Nc6 15. Rg1 Nh5 16. Bg5 Qc7 17.
f4 Bxg5 18. Rxg5 Nf6 19. Qg2 g6 20. Bc4 d5 21. Bxd5 Nxd5 22. exd5 Nd4 23. fxg6 hxg6 24. f5 Qf4+ 25. Kb1 Re8 26. Rxg6+ fxg6 27. Qxg6+ Kh8 28. Qh5+ Kg7 29. Qg6+ Kh8 30. Qh5+ Kg7 31. Qg6+ Kh8 1/2-1/2

[Event "*** Titled Tuesday Blitz"]
[Site "Chess.com"]
[Date "2020.05.26"]
[Round "8"]
[White "Beca95"]
[Black "relaxx87"]
[Result "1-0"]
[WhiteElo "2861"]
[BlackElo "2675"]
[TimeControl "180+1"]
[EndTime "11:40:55 PDT"]
[Termination "Beca95 won by checkmate"]

1. e4 c5 2. Nf3 d6 3. d4 cxd4 4. Nxd4 Nf6 5. Nc3 a6 6. Bg5 e6 7.
f4 Qc7 8. Qf3 b5 9. O-O-O b4 10.
Nd5 exd5 11. exd5 Be7 12. Re1 O-O 13. Bd3 Ra7 14. g4 Qc5 15. Nf5 Bxf5 16. gxf5 Qxd5 17. Qh3 Kh8 18. Rhg1 Nc6 19. Rxe7 Qxa2 20. Kd2 Qxb2 21. Rxa7 Nxa7 22. Qe3 Qc3+ 23. Kd1 Nc6 24. Re1 b3 25. cxb3 Qxb3+ 26. Bc2 Qxe3 27. Rxe3 Nd5 28. Rb3 f6 29. Be4 Nd4 30. Rd3 fxg5 31. Bxd5 Nxf5 32. fxg5 a5 33. Be6 g6 34. Rc3 a4 35. Bd5 Rb8 36. Kc1 Rb4 37. Rc8+ Kg7 38. Rg8# 1-0

[Event "*** Titled Tuesday Blitz"]
[Site "Chess.com"]
[Date "2020.05.26"]
[Round "8"]
[White "Anton_Demchenko"]
[Black "PlayChessSimple"]
[Result "1-0"]
[WhiteElo "2822"]
[BlackElo "2502"]
[TimeControl "180+1"]
[EndTime "11:40:55 PDT"]
[Termination "Anton_Demchenko won on time"]

1. d4 e6 2. Nf3 f5 3. Bf4 Nf6 4.
e3 Be7 5. Bd3 O-O 6. h3 d6 7. g4 Ne4 8. gxf5 exf5 9. Nbd2 Bh4 10. Nxh4 Qxh4 11. Nxe4 fxe4 12. Bxe4 g5 13. Bd5+ Kh8 14.
Bg3 Qh6 15. h4 g4 16. Qd2 Nd7 17. Bf4 Qg7 18. h5 Nf6 19. Bg2 Bf5 20. O-O-O Qf7 21. d5 Rfe8 22. f3 Rg8 23. Qc3 g3 24. e4 Bd7 25. Be3 Rg7 26. Bd4 Rf8 27. Qxc7 Rc8 28.
Qxd6 Ne8 29. Qa3 Kg8 30. Bxg7 Qxg7 31. Qe3 Ba4 32. Rd2 Nd6 33. h6 Qe5 34. Qd4 1-0

[Event "*** Titled Tuesday Blitz"]
[Site "Chess.com"]
[Date "2020.05.26"]
[Round "8"]
[White "stoleriu"]
[Black "ChessyInstinct"]
[Result "1-0"]
[WhiteElo "2564"]
[BlackElo "2411"]
[TimeControl "180+1"]
[EndTime "11:40:56 PDT"]
[Termination "stoleriu won on time"]

1. b3 d5 2. Bb2 c5 3. e3 Nc6 4.
Bb5 Bd7 5. f4 Nf6 6. Nf3 g6 7. O-O Bg7 8. Qe1 Qc7 9. Bxc6 Bxc6 10.
d3 O-O 11. Qh4 Nd7 12. Bxg7 Kxg7 13. Nbd2 Rae8 14. Rae1 e5 15. fxe5 Nxe5 16. Nxe5 Qxe5 17. Nf3 Qe7 18. Qg3 f5 19. Nh4 Qe5 20. Rf4 d4 21. Nf3 Bxf3 22. Rxf3 Qxg3 23. hxg3 Re5 24. e4 Rfe8 25.
Ref1 fxe4 26. Rf7+ Kh6 27. Rxb7 exd3 28. cxd3 Re1 29.
Rxa7 R8e3 30. Rxe1 Rxe1+ 31. Kf2 Rd1 32. Ke2 Rg1 33.
Ra5 Rxg2+ 34. Kf3 Rd2 35. Ke4 1-0

[Event "*** Titled Tuesday Blitz"]
[Site "Chess.com"]
[Date "2020.05.26"]
[Round "8"]
[White "crossingthestreet"]
[Black "harkerchess"]
[Result "0-1"]
[WhiteElo "2235"]
[BlackElo "2066"]
[TimeControl "180+1"]
[EndTime "11:40:56 PDT"]
[Termination "harkerchess won by checkmate"]

1. c4 e5 2. Nc3 Nc6 3. e3 g6 4. d4 exd4 5. exd4 Bg7 6. Nf3 d6 7. Be2 f5 8. O-O Nf6 9. Qb3 O-O 10. c5+ Kh8 11. cxd6 Qxd6 12. d5 Ne7 13. Rd1 b6 14.
Nd4 a6 15. Ne6 Bxe6 16. dxe6 Qe5 17. Be3 Rad8 18. Bxa6 Ng4 19. h3 Qh2+ 20. Kf1 Nxe3+ 21. fxe3 Be5 22. Rxd8 Rxd8 23. Rd1 Rf8 24. Ne2 f4 25. exf4 Bxf4 26. Qf3 Bh6 27. Ng1 Rxf3+ 28. Nxf3 Qh1+ 29. Ng1 Be3 30. Ke2 Bxg1 31. Bb7 c6 32. Kf3 Qh2 33.
Rd8+ Kg7 34. Rd7 Kf6 35. Rd1 Bc5 36. Ba6 Bd6 37. Kf2 Qg3+ 38. Kg1 Bc5+ 39. Kh1 Bd6 40. Kg1 Nf5 41. Bc4 Qe3+ 42. Kf1 Ng3# 0-1